 Dungeon Crawl Stone Soup version 0.21.1-1-g345015fe64 (webtiles) character file.

43 JOKERXD40 the Firebug (level 3, -16/26 HPs)
             Began as a Draconian Fire Elementalist on May 25, 2018.
             Killed from afar by Ijyb (23 damage)
             ... with a wand of acid (9)
             ... on level 3 of the Dungeon.
             The game lasted 00:10:09 (858 turns).

JOKERXD40 the Firebug (Draconian Fire Elementalist)  Turns: 858, Time: 00:10:10

Health: -16/26     AC:  5    Str: 10    XL:     3   Next: 37%
Magic:  1/6        EV: 12    Int: 16    God:
Gold:   35         SH:  0    Dex: 11    Spells: 3/6 levels left

rFire    . . .     SeeInvis .   f - -1 club (curse)
rCold    . . .     Gourm    .   (no shield)
rNeg     . . .     Faith    .   (armour unavailable)
rPois    .         Spirit   .   (helmet restricted)
rElec    .         Reflect  .   (no cloak)
rCorr    .         Harm     .   (no gloves)
MR       .....                  (no boots)
Stlth    ++........             (no amulet)
HPRegen  0.08/turn              (no ring)
MPRegen  0.10/turn              (no ring)

@: flying, very slightly contaminated
A: unfitting armour, cold-blooded, AC +5
a: no special abilities


You were on level 3 of the Dungeon.
You were hungry.

You visited 1 branch of the dungeon, and saw 3 of its levels.

You collected 35 gold pieces.

Inventory:

Hand Weapons
 d - a +0 club
 f - a cursed -1 club (weapon)
Missiles
 e - 5 large rocks (quivered)
Books
 a - a book of Flames

   Spells                             Type                      Level
   a - Flame Tongue                   Conjuration/Fire             1
   b - Throw Flame                    Conjuration/Fire             2
   c - Conjure Flame                  Conjuration/Fire             3
   d - Inner Flame                    Hexes/Fire                   3
   e - Sticky Flame                   Conjuration/Fire             4
   f - Fireball                       Conjuration/Fire             5
Comestibles
 b - 3 rations


   Skills:
 + Level 2.2 Dodging
 + Level 2.0 Stealth
 + Level 0.5 Unarmed Combat
 + Level 2.3 Spellcasting
 + Level 1.1 Conjurations
 + Level 3.6 Fire Magic


You had 3 spell levels left.
You knew the following spells:

 Your Spells              Type           Power        Failure   Level  Hunger
a - Flame Tongue          Conj/Fire      #....        8%          1    #......
b - Throw Flame           Conj/Fire      #.....       12%         2    ###....


Dungeon Overview and Level Annotations

Branches:
Dungeon (3/15)

Altars:

Annotations:
D:3 Ijyb, Natasha


Innate Abilities, Weirdness & Mutations

Your plain brown scales are hard. (AC +5)
You cannot fit into any form of body armour.
You are cold-blooded and may be slowed by cold attacks.


Message History

You are very lightly contaminated with residual magic.
As you read the scroll of blinking, it crumbles to dust.
Ijyb the Twisted Goblin comes into view.
Ijyb shouts!
Ijyb zaps a wand.
The bolt of acid misses you.
It is a wand of acid (9).
The goblin shoots a stone.
The stone barely misses you.
Found a stone.
It was a potion of flight.
You feel very buoyant.
You fly up into the air.
The goblin shoots a stone.
The stone closely misses you.
Natasha stares at you and mumbles some strange words.
The magic dart hits you!
* * * LOW HITPOINT WARNING * * *
Okay, then.
You aren't carrying any potions.
Found a scroll labeled CAMAEK ZOSOA.
Ijyb zaps a wand.
The bolt of acid hits you!
Ouch! That really hurt!
You die...

.. .. # . ... . #.
#.###.. .. #.
#..?......
#.###..##.#.#
#...........#
...##.(....g..#
.......@..h...###
.?..........g...######
##.....###.#o.(.......
##...# #.#...#####.#
..... ##....(## ......
.#.......# ....!
.........## .....
........<.#
..........#


You could see Ijyb, Natasha, an orc and a goblin.

Vanquished Creatures
  2 adders (D:2)
  2 dart slugs
  A leopard gecko (D:1)
  A ball python (D:1)
  2 hobgoblins
  A kobold (D:1)
  5 bats
  3 frilled lizards (D:1)
  3 goblins (D:1)
  A rat (D:1)
21 creatures vanquished.

Notes
Turn   | Place    | Note
-------+----------+-------------------------------------------
     0 | D:1      | JOKERXD40 the Draconian Fire Elementalist began the quest for the Orb.
     0 | D:1      | Reached XP level 1. HP: 14/14 MP: 3/3
   157 | D:1      | Reached XP level 2. HP: 17/20 MP: 3/5
   430 | D:2      | Reached XP level 3. HP: 23/26 MP: 2/6
   518 | D:2      | Learned a level 2 spell: Throw Flame
   852 | D:3      | Noticed Natasha
   855 | D:3      | Noticed Ijyb
   858 | D:3      | Killed from afar by Ijyb

Skill      XL: |  1  2 |
---------------+-------+-----
Stealth        | 2 |  2.0
Dodging        | 2 |  2.2
Unarmed Combat | |  0.5
Spellcasting   | |  2.3
Conjurations   | |  1.1
Fire Magic     | |  3.6

Action                   || total
-------------------------++-------
Melee: Unarmed           ||    18
       Tailslap          ||     4
       Club              ||    40
       Punch             ||     1
 Cast: Flame Tongue      ||    25
       Throw Flame       ||     6
  Use: Scroll            ||     3
       Potion            ||     1
Armor: Skin              ||    31
Dodge: Dodged            ||    63
